 Dungeon Crawl Stone Soup version 0.31-a0-232-gb1c03b2570 (webtiles) character file.

Game seed: 15216172782267429391

740 qw the Shooter (level 7, -5/43 HPs)
             Began as a Gargoyle Hexslinger on July 7, 2023.
             Slain by a black bear (7 damage)
             ... on level 4 of the Dungeon.
             The game lasted 00:01:22 (3102 turns).

qw the Shooter (Gargoyle Hexslinger)                Turns: 3102, Time: 00:01:22

Health: -5/43      AC: 12    Str: 18    XL:     7   Next: 75%
Magic:  8/8        EV: 11    Int: 13    God:
Gold:   192        SH:  0    Dex: 20    Spells: 7/8 levels left

rFire   . . .        Y - +3 sling
rCold   . . .        (no shield)
rNeg    + . .        d - +0 ring mail
rPois   inf          k - +2 hat
rElec   +            (no cloak)
rCorr   .            (no gloves)
SInv    .            (no boots)
Will    .....        (no amulet)
Stlth   +            g - +6 ring of dexterity
HPRegen 0.27/turn    b - +6 ring of strength
MPRegen 0.11/turn

%: no passive effects
@: no status effects
A: sickness immunity, AC +4, negative energy resistance 1, electricity
resistance, torment resistance 1, petrification resistance
a: no special abilities


You were on level 4 of the Dungeon.
You visited 1 branch of the dungeon, and saw 4 of its levels.

You collected 192 gold pieces.


Innate Abilities, Weirdness & Mutations

You are immune to sickness and miasma.
Your stone body is resilient. (AC +4)
You are immune to poison.
You resist negative energy. (rN+)
You are resistant to electric shocks. (rElec)
You are resistant to unholy torment.
You are immune to petrification.


   Skills:
 - Level 4.1 Fighting
 - Level 7.4 Ranged Weapons
 - Level 1.7 Armour
 + Level 1.5 Dodging
 - Level 1.0 Spellcasting
 - Level 2.6 Hexes


You had 7 spell levels left.
You knew the following spells:

 Your Spells              Type           Power      Damage    Failure   Level
a - Slow                  Hex            28%        N/A       16%         1

Your spell library contained the following spells:

 Spells                   Type           Power      Damage    Failure   Level
 Inner Flame              Hex/Fire       4%         N/A       63%         3
 Portal Projectile        Hex/Tloc       8%         N/A       63%         3
 Cause Fear               Hex            3%         N/A       85%         4

Inventory:

Hand Weapons
 Y - a +3 sling (weapon)
Armour
 d - a +0 ring mail (worn)
 k - a +2 hat (worn)
Jewellery
 b - a +6 ring of strength (right hand)
 g - a +6 ring of dexterity (left hand)
Scrolls
 h - a scroll of fog {unknown}
Potions
 a - a potion of attraction {unknown}
 c - a potion of enlightenment {unknown}
 e - a potion of berserk rage {unknown}
 f - 2 potions of curing {unknown}
 i - a potion of invisibility {unknown}
 j - a potion of ambrosia {unknown}
 l - a potion of might {unknown}
 m - a potion of cancellation

Dungeon Overview and Level Annotations

Branches:
Dungeon (4/15)
 Temple: D:4-7

Altars:
Cheibriados
Gozag
Vehumet
Wu Jian

Shops:
D:1 :(!


Message History

The black bear closely misses you.
The black bear claws you but does no damage. x2
You shoot a sling bullet.
The sling bullet hits the water moccasin.
The water moccasin is severely wounded.
The water moccasin barely misses you. The black bear bites you.
The black bear closely misses you.
The black bear claws you but does no damage.
The water moccasin closely misses you.
You shoot a sling bullet.
The sling bullet hits the water moccasin.
The water moccasin is almost dead.
The water moccasin closely misses you. The black bear closely misses you.
The black bear claws you but does no damage. x2
You shoot a sling bullet.
The sling bullet hits the water moccasin!
You kill the water moccasin!
The black bear bites you! The black bear closely misses you.
The black bear barely misses you.
Your Ranged Weapons skill increases to level 7!
You shoot a sling bullet. The sling bullet hits the black bear!
The black bear is moderately wounded.
The black bear bites you.
The black bear claws you but does no damage.
The black bear closely misses you. The hobgoblin closely misses you.
You shoot a sling bullet.
The sling bullet hits the black bear but does no damage.
The black bear is moderately wounded.
The black bear bites you.
The black bear claws you but does no damage.
The black bear barely misses you.
The hobgoblin hits you but does no damage.
You shoot a sling bullet. The sling bullet hits the black bear!
The black bear is heavily wounded.
The hobgoblin barely misses you. The black bear bites you.
The black bear claws you but does no damage. x2
You shoot a sling bullet. The sling bullet hits the black bear!
The black bear is severely wounded.
The hobgoblin barely misses you. The black bear bites you!
You die...

..........####.# ##.#..#.##..#
..........# ##.# ##.#..#.##..##
.........####..# ##.#..#.##....#
.##........##### ##.#..#.##..##.#
.#......#..#...###.#[.#.##....###
........#......##.#..#.##..##...#
.....#.###.....#......###...###[#
.....####......#'#.#..#.###...###
.....## ##.....#@###.#..#.###.).#
......###......#gh.###.#..#.###.#
.......#.......##....###.#..#.#'#
..........#...## .#....###.#..#.#
...>......#....# ##.##.. ###.#...
.............>## # # ###..#
..............###################
...........................#.....
..........#.####.................


You could see a black bear and a hobgoblin.

Vanquished Creatures
  A water moccasin (D:4)
  2 ogres (D:4)
  A scorpion (D:4)
  2 jellies (D:3)
  2 hounds (D:4)
  A gnoll bouda (D:4)
  A sleepcap (D:4)
  Natasha (thrice) (D:2)
  An orc wizard (D:3)
  3 adders
  A worm (D:2)
  2 dart slugs
  10 orcs
  8 ball pythons
  15 endoplasms
  5 giant cockroaches
  6 goblins
  3 hobgoblins (D:1)
  2 quokkas
  6 bats
  2 frilled lizards (D:3)
  12 kobolds
  8 rats
97 creatures vanquished.

Notes
Turn   | Place    | Note
-------+----------+-------------------------------------------
     0 | D:1      | qw the Gargoyle Hexslinger began the quest for the Orb.
     0 | D:1      | Reached XP level 1. HP: 12/12 MP: 2/2
     0 | D:1      | 0 ||| qw: Version: 0.3-a-46-gb1f654a
     0 | D:1      | 0 ||| qw: Game counter: 2596
     0 | D:1      | 0 ||| qw: Melee chars always use a shield: true
     0 | D:1      | 0 ||| qw: God list: Okawaru
     0 | D:1      | 0 ||| qw: Allow faded altars: false
     0 | D:1      | 0 ||| qw: Do Orc after clearing Dungeon:15 true
     0 | D:1      | 0 ||| qw: Do second Lair branch before Depths: true
     0 | D:1      | 0 ||| qw: Lair rune preference: random
     0 | D:1      | 0 ||| qw: Goals: Normal
     0 | D:1      | 0 ||| PLANNING D:1-11
    18 | D:1      | Found Neohuw's Book Shop.
   134 | D:1      | Reached XP level 2. HP: 16/16 MP: 3/3
   149 | D:1      | Found Tulexi's Weapon Shop.
   198 | D:1      | Found a faded altar of an unknown god.
   229 | D:1      | Reached skill level 3 in Ranged Weapons
   295 | D:1      | Found Guech's Distillery.
   304 | D:1      | 304 ||| SHOPLISTING 2 potions of haste (280 gold, have 18).
   304 | D:1      | 304 ||| SHOPLISTING potion of cancellation (112 gold, have
                  | 18).
   304 | D:1      | 304 ||| SHOPLISTING potion of curing (42 gold, have 18).
   304 | D:1      | 304 ||| SHOPLISTING potion of haste (140 gold, have 18).
   304 | D:1      | 304 ||| SHOPLISTING potion of heal wounds (70 gold, have
                  | 18).
   304 | D:1      | 304 ||| SHOPLISTING potion of mutation (112 gold, have 18).
   817 | D:1      | 817 ||| UPGRADING to +0 ring mail.
   827 | D:1      | 827 ||| DROPPING +0 robe.
   828 | D:1      | 828 ||| UPGRADING to +6 ring of dexterity.
   829 | D:1      | 829 ||| DROPPING scroll of poison.
   882 | D:2      | 882 ||| STAIRDANCE
   890 | D:1      | Reached XP level 3. HP: 13/21 MP: 4/4
  1015 | D:2      | Noticed Natasha
  1023 | D:2      | Killed Natasha
  1027 | D:2      | Reached XP level 4. HP: 19/26 MP: 5/5
  1101 | D:2      | Noticed Natasha
  1104 | D:2      | 1104 ||| Stepping ~*~*~tactically~*~*~ (outnumbered).
  1105 | D:2      | 1105 ||| Stepping ~*~*~tactically~*~*~ (outnumbered).
  1112 | D:2      | Killed Natasha
  1113 | D:2      | Reached skill level 4 in Ranged Weapons
  1217 | D:2      | Noticed Natasha
  1229 | D:2      | Killed Natasha
  1230 | D:2      | Reached skill level 1 in Armour
  1230 | D:2      | Reached XP level 5. HP: 20/30 MP: 6/6
  1609 | D:2      | 1609 ||| UPGRADING to +2 hat.
  1614 | D:2      | 1614 ||| UPGRADING to +6 ring of strength.
  1615 | D:2      | 1615 ||| READING scroll labelled YHACWU KUMIO.
  1636 | D:2      | 1636 ||| READING scroll labelled GARATIOZIWN.
  1637 | D:2      | 1637 ||| READING scroll labelled ZIECWOIP OSOYCARIT.
  1676 | D:3      | Found an ornate altar of the Wu Jian Council.
  1851 | D:3      | 1851 ||| Stepping ~*~*~tactically~*~*~ (outnumbered).
  1866 | D:3      | Reached skill level 5 in Ranged Weapons
  1946 | D:3      | Reached skill level 3 in Fighting
  1954 | D:3      | Reached XP level 6. HP: 27/37 MP: 7/7
  2091 | D:3      | Found a snail-covered altar of Cheibriados.
  2151 | D:3      | Found a radiant altar of Vehumet.
  2419 | D:3      | 2419 ||| READING 2 scrolls labelled WIATHIRHURPH.
  2420 | D:3      | 2420 ||| READING scroll labelled FIXYIS HATET.
  2421 | D:3      | 2421 ||| READING scroll labelled IROWEG WAPAL.
  2422 | D:3      | 2422 ||| DRINKING 2 black potions.
  2423 | D:3      | 2423 ||| DRINKING 2 coppery potions.
  2424 | D:3      | 2424 ||| DROPPING scroll of fear.
  2438 | D:4      | Found an opulent altar of Gozag.
  2457 | D:4      | 2457 ||| FLEEEEING.
  2458 | D:4      | 2458 ||| FLEEEEING.
  2584 | D:4      | Reached skill level 6 in Ranged Weapons
  2773 | D:4      | HP: 7/37 [ogre/+0 giant spiked club (20)]
  2774 | D:4      | 2774 ||| DRINKING potion of heal wounds.
  2779 | D:4      | Reached XP level 7. HP: 26/43 MP: 8/8
  2995 | D:4      | 2995 ||| READING scroll of enchant weapon.
  2995 | D:4      | 2995 ||| ENCHANTING +2 sling.
  3099 | D:4      | Reached skill level 7 in Ranged Weapons
  3099 | D:4      | HP: 9/43 [black bear (3)]
  3100 | D:4      | HP: 4/43 [black bear (6)]
  3102 | D:4      | Slain by a black bear

Levels and vault maps discovered:
D:1:      psy_arrival_fountain, layout_basic, serial_shops, shop_fountains,
          shop, shop, dreamdust_ecumenical_altar_angels_and_demons,
          hangedman_decor_growths
D:2:      layout_loops_cross, st_stairs_4, uniq_natasha
D:3:      cheibrodos_fertilizer, layout_basic,
          mainiacjoe_overflow_small_starburst, old_standard_altar,
          kennysheep_slug_shrine
D:4:      minmay_razor_zed, layout_cave_pools, grunt_gozag_statues,
          minmay_cut_off

Skill      XL: |  1  2  3  4  5  6  7 |
---------------+----------------------+-----
Ranged Weapons | 3 4 5 6 7 |  7.4
Fighting       | 2 3 4 |  4.1
Armour         | 1 |  1.7
Dodging        | |  1.5
Spellcasting   | |  1.0
Hexes          | |  2.6

Action                     |  1- 3 |  4- 6 |  7- 9 || total
---------------------------+-------+-------+-------++-------
   Fire: Sling             |    92 |   177 |    52 ||   321
    Use: Scroll            |       |     6 |     1 ||     7
         Potion            |       |     3 |       ||     3
 Armour: Robe              |    11 |       |       ||    11
         Ring mail         |    15 |    49 |    34 ||    98
  Dodge: Dodged            |    38 |    58 |    35 ||   131

Table legend:
 A = Non-vault XP
 B = Vault XP
 C = Vault XP percentage of total XP
 D = Non-vault monster count
 E = Vault monster count
 F = Vault count percentage of total count
                 A         B        C        D         E       F
            +---------+---------+-------+---------+---------+-------
      Total |     581 |     477 |  45.1 |      67 |      30 |  30.9
            +---------+---------+-------+---------+---------+-------
        D:1 |      31 |       2 |   6.1 |      19 |       1 |   5.0
        D:2 |     109 |      36 |  24.8 |      18 |       2 |  10.0
        D:3 |      88 |     118 |  57.3 |      20 |      19 |  48.7
        D:4 |     353 |     321 |  47.6 |      10 |       8 |  44.4
            +---------+---------+-------+---------+---------+-------
